 Dungeon Crawl Stone Soup version 0.17-a0-435-gc4df345 (webtiles) character file.

11 Hanyuu the Digger (level 2, -1/16 HPs)
             Began as a Gargoyle Earth Elementalist on Apr 5, 2015.
             Slain by a worm (9 damage)
             ... on level 1 of the Dungeon.
             The game lasted 00:01:59 (458 turns).

Hanyuu the Digger (Gargoyle Earth Elementalist)      Turns: 458, Time: 00:02:00

Health: -1/16      AC:  3    Str: 11    XL:     2   Next: 25%
Magic:  1/5        EV: 12    Int: 15    God:
Gold:   18         SH:  0    Dex: 10    Spells: 2 memorised, 2 levels left

rFire  . . .     SeeInvis .     f - +0 whip
rCold  . . .     Clarity  .     i - -1 robe (curse)
rNeg   + . .     SustAb   .     (no shield)
rPois  ∞         Gourm    .     (no helmet)
rElec  +         Spirit   .     (no cloak)
rCorr  .         Warding  .     (no gloves)
rMut   .         Stasis   .     (no boots)
MR     .....                    (no amulet)
Stlth  ++........               (no ring)
                                (no ring)

@: not resistant to hostile enchantments, unstealthy
A: negative energy resistance 1, electricity resistance, unbreathing,
petrification resistance, rot immunity, AC +2
a: no special abilities


You were on level 1 of the Dungeon.
You were not hungry.

You visited 1 branch of the dungeon, and saw 1 of its levels.

You collected 18 gold pieces.

Inventory:

Hand weapons
 f - a +0 whip (weapon)
 j - a +0 club
Missiles
 b - 43 stones (quivered)
 g - 15 poisoned needles
Armour
 c - a +0 robe
 i - a cursed -1 robe (worn)
Scrolls
 k - a scroll of fear {unknown}
Potions
 e - a potion of heal wounds {unknown}
 h - a potion of might
Books
 d - a book of Geomancy

   Spells                             Type                      Level
   a - Sandblast                      Earth                        1
   b - Stoneskin                      Transmutation/Earth          2
   c - Passwall                       Transmutation/Earth          3
   d - Stone Arrow                    Conjuration/Earth            3
   e - Petrify                        Transmutation/Earth          4
   f - Lee's Rapid Deconstruction     Earth                        5
Comestibles
 a - a bread ration
 l - a slice of pizza


   Skills:
 + Level 0.9 Fighting
 + Level 0.2 Maces & Flails
 - Level 1.5 Dodging
 - Level 2.1 Stealth
 + Level 2.4 Spellcasting
 - Level 0.7 Transmutations
 - Level 3.6 Earth Magic


You had 2 spell levels left.
You knew the following spells:

 Your Spells              Type           Power        Failure   Level  Hunger
a - Sandblast             Erth           ##....       6%          1    #......
b - Stoneskin             Trmt/Erth      #.......     14%         2    ###....


Dungeon Overview and Level Annotations

Branches:
Dungeon (1/15)

Altars:


Innate Abilities, Weirdness & Mutations

You are resistant to torment.
Your stone body is resilient (AC +2).
You are immune to poison.
You resist negative energy.
You are resistant to electric shocks.
You can survive without breathing.
You are immune to petrification.
You are immune to rotting.


Message History

The worm is heavily wounded.
Casting: Sandblast
Confirm with . or Enter, or press ? or * to list all spells.
Aiming: Sandblast
Press: ? - help, Shift-Dir - straight line, f/p - worm
Aim: a worm (heavily wounded)
The blast of sand hits the worm.
The worm is almost dead.
You hit the worm.
The worm is almost dead.
The worm bites you!
Ouch! That really hurt!
Your magical contamination has completely faded away.
You barely miss the worm.
The worm is almost dead.
You completely miss the worm.
The worm is almost dead.
The worm bites you!
Ouch! That really hurt!
You die...

#######..#.#.###.#.#.########
...§.≈##.####..#####.# #
#.§.§§##.#.....#..#..# #
####.?§§.##..≈.#.#.#....#######
#...#####################.....#
#.....##...# ###..........÷...÷
#......(...# #.................
#.....##...# #.#...............
#.....###..###@######.†.......#
#...........>.#w# #.....#####
#.#####.##....#.# #.....# ...
#.##......# #.....# ##.
.##......# #.....# # .#####..##
##..... . #..# ##..### ....
...# .....# ....


You could see a worm.

Vanquished Creatures
  A giant gecko (D:1)
  An ooze (D:1)
  A bat (D:1)
  A hobgoblin (D:1)
  2 giant newts (D:1)
  A kobold (D:1)
  3 rats (D:1)
10 creatures vanquished.

Notes
Turn   | Place    | Note
--------------------------------------------------------------
     0 | D:1      | Hanyuu, the Gargoyle Earth Elementalist, began the quest for the Orb.
     0 | D:1      | Reached XP level 1. HP: 10/10 MP: 3/3
   112 | D:1      | Reached XP level 2. HP: 11/16 MP: 0/5
   428 | D:1      | Learned a level 2 spell: Stoneskin
   458 | D:1      | Slain by a worm

Action                   || total
-------------------------++-------
Melee: Unarmed           ||     4
       Whip              ||     7
Throw: Stone             ||     2
 Cast: Sandblast         ||    16
  Use: Scroll            ||     1
 Stab: Sleeping          ||     1
